 Dungeon Crawl Stone Soup version 0.20.1-1-g8b1a95d (webtiles) character file.

77 Monsterracer the Conjurer (level 4, -4/33 HPs)
             Began as a Draconian Wizard on Sept 9, 2017.
             Killed from afar by an orc wizard (6 damage)
             ... with a magic dart
             ... on level 3 of the Dungeon.
             The game lasted 00:04:26 (2431 turns).

Monsterracer the Conjurer (Draconian Wizard)        Turns: 2431, Time: 00:04:26

Health: -4/33      AC:  5    Str: 10    XL:     4   Next: 14%
Magic:  2/8        EV: 12    Int: 19    God:
Gold:   99         SH:  0    Dex:  9    Spells: 2/9 levels left

rFire    . . .     SeeInvis .   i - +0 spear
rCold    . . .     Gourm    .   (no shield)
rNeg     . . .     Faith    .   (armour unavailable)
rPois    .         Spirit   .   a - +0 hat
rElec    .         Reflect  .   (no cloak)
rCorr    .         Harm     +   (no gloves)
MR       .....                  (no boots)
Stlth    ++........             d - amulet of harm
Regen    0.2/turn               (no ring)
MPRegen  0.2/turn               (no ring)

@: no status effects
A: unfitting armour, cold-blooded, AC +5
a: no special abilities


You were on level 3 of the Dungeon.
You were not hungry.

You visited 1 branch of the dungeon, and saw 3 of its levels.

You collected 99 gold pieces.

Inventory:

Hand Weapons
 i - a +0 spear (weapon)
Armour
 a - a +0 hat (worn)
Jewellery
 d - an amulet of harm (around neck)
 f - an uncursed amulet of faith {unknown}
Wands
 s - a wand of random effects (23/48)
Scrolls
 e - 2 scrolls of random uselessness {unknown}
 g - a scroll of fear {unknown}
 h - a scroll of enchant weapon {unknown}
 k - 2 scrolls of amnesia {unknown}
 n - 4 scrolls of identify {unknown}
 o - 2 scrolls of remove curse {unknown}
Potions
 j - a potion of brilliance {unknown}
 l - 2 potions of invisibility {unknown}
 m - a potion of might {unknown}
 r - a potion of haste {unknown}
Books
 b - a book of Minor Magic

   Spells                             Type                      Level
   a - Magic Dart                     Conjuration                  1
   b - Blink                          Translocation                2
   c - Call Imp                       Summoning                    2
   d - Slow                           Hexes                        2
   e - Conjure Flame                  Conjuration/Fire             3
   f - Mephitic Cloud                 Conjuration/Poison/Air       3
Comestibles
 c - a bread ration
 p - a meat ration
 q - 2 fruits


   Skills:
 - Level 1.7 Dodging
 - Level 1.7 Stealth
 - Level 3.0 Spellcasting
 + Level 4.0 Conjurations
   Level 1.0 Summonings
   Level 1.0 Translocations


You had 2 spell levels left.
You knew the following spells:

 Your Spells              Type           Power        Failure   Level  Hunger
a - Magic Dart            Conj           ###.         2%          1    None
b - Conjure Flame         Conj/Fire      ##......     21%         3    ###....
c - Mephitic Cloud        Conj/Pois/Air  #.......     26%         3    ###....


Dungeon Overview and Level Annotations

Branches:
Dungeon (3/15)

Altars:
Nemelex Xobeh


Innate Abilities, Weirdness & Mutations

Your plain brown scales are hard. (AC +5)
You cannot fit into any form of body armour.
You are cold-blooded and may be slowed by cold attacks.


Message History

The orc wizard hits you but does no damage.
Huge Dmg: -12%(-4hp) hp: 7%(2hp)
Casting: Magic Dart
Confirm with . or Enter, or press ? or * to list all spells.
Aiming: Magic Dart
Press: ? - help, Shift-Dir - straight line, f/p - orc wizard
Aim: an orc wizard, wielding a dagger and wearing a robe (severely wounded)
The magic dart hits the orc wizard.
The orc wizard is severely wounded.
The orc wizard hits you but does no damage.
Casting: Magic Dart
Confirm with . or Enter, or press ? or * to list all spells.
Aiming: Magic Dart
Press: ? - help, Shift-Dir - straight line, f/p - orc wizard
Aim: an orc wizard, wielding a dagger and wearing a robe (severely wounded)
The magic dart hits the orc wizard.
The orc wizard is almost dead.
The orc wizard gestures at you while chanting.
The magic dart hits you!
You die...

#.#..# #.# ###.#..#
#w# .......# #.#
......)######.###
#.#.)...o.....#
#.##)######.#.# #.
#.# #.#.# #.##.##
#o#.#
#.@oo.#####.#.##
#...###..........#
....... #.....†.#..#
#...... #).........#
####.#.....#######..#
#.####.)# #..## #
#..# #...# #..# #...#
...# #.).#


You could see an orc wizard and an orc.

Vanquished Creatures
  2 adders (D:2)
  An ooze (D:1)
  4 worms
  A dart slug (D:1)
  3 orcs (D:3)
  4 goblins
  7 hobgoblins
  A quokka (D:1)
  5 bats
  A frilled lizard (D:1)
  7 kobolds
  4 rats
40 creatures vanquished.

Notes
Turn   | Place    | Note
-------+----------+-------------------------------------------
     0 | D:1      | Monsterracer the Draconian Wizard began the quest for the Orb.
     0 | D:1      | Reached XP level 1. HP: 14/14 MP: 4/4
   397 | D:1      | Reached skill level 2 in Conjurations
   481 | D:1      | Reached XP level 2. HP: 20/20 MP: 0/6
  1225 | D:2      | Found a sparkling altar of Nemelex Xobeh.
  1286 | D:2      | Reached skill level 3 in Conjurations
  1286 | D:2      | Reached XP level 3. HP: 26/26 MP: 0/7
  1291 | D:2      | Learned a level 3 spell: Conjure Flame
  1295 | D:2      | Learned a level 3 spell: Mephitic Cloud
  1451 | D:2      | HP: 13/26 [worm (13)]
  2329 | D:3      | Reached XP level 4. HP: 33/33 MP: 6/8
  2367 | D:3      | Reached skill level 4 in Conjurations
  2406 | D:3      | HP: 13/33 [orc wizard/magic dart (7)]
  2412 | D:3      | HP: 4/33 [orc wizard/puff of flame (9)]
  2429 | D:3      | HP: 2/33 [orc wizard/dagger (4)]
  2431 | D:3      | Killed from afar by an orc wizard

Skill      XL: |  1  2  3  4 |
---------------+-------------+-----
Conjurations   | 2 3 4 |  4.0
Dodging        | |  1.7
Stealth        | |  1.7
Spellcasting   | |  3.0
Summonings     | |  1.0
Translocations | |  1.0

Action                   |  1- 3 |  4- 6 || total
-------------------------+-------+-------++-------
Melee: Spear             |    22 |     3 ||    25
       Tailslap          |     3 |       ||     3
 Cast: Magic Dart        |    92 |    15 ||   107
Evoke: Wand              |       |     4 ||     4
  Eat: Chunk             |     4 |       ||     4
Armor: Skin              |     4 |     7 ||    11
Dodge: Dodged            |    17 |     4 ||    21
